Map: Pylon LE

Players

rasdasd - Winner!

  • Race: Zerg Zerg
  • League: Diamond
  • Spawn Location: 11:00

LigerMaNN

  • Race: Zerg Zerg
  • League: Diamond
  • Spawn Location: 5:00

VOD

Have the link to the VOD?

Description

Time

  • Played on: June 30, 2025, 11:49 p.m.
  • Length: 6:39
Show
View Real Time Build Order
Export as new Build Order

rasdasd Zerg - Winner!

Build Orders: Pool First 

Get SALT Encoding   

  12  0:17  Spawning Pool  
  11  0:22  Extractor  
  11  0:24  Drone  
  11  0:29  Drone  
  12  0:42  Overlord  
  12  0:46  Drone  
  13  1:03  Zergling x4  
  15  1:07  Zergling x2  
  16  1:22  Metabolic Boost  
  16  1:24  Drone  
  17  1:35  Queen  
  19  1:41  Drone  
  19  1:45  Drone  
  21  1:54  Overlord  
  21  2:05  Drone  
  22  2:27  Lair  
  22  2:28  Drone x2  
  24  2:30  Extractor  
  23  2:42  Drone  
  23  2:58  Drone x2  
  23  2:59  Drone x2  
  27  3:08  Spine Crawler  
  26  3:18  Drone  
  27  3:21  Overlord  
  26  3:33  Drone  
  27  3:38  Spire  
  27  3:40  Drone  
  27  3:41  Drone x2  
  29  4:03  Overlord  
  28  4:38  Roach Warren  
  27  4:49  Mutalisk x5  
  37  4:59  Mutalisk  
  39  5:02  Hatchery  
  38  5:12  Drone  
  38  5:13  Drone x4  
  43  5:19  Roach  
  45  5:45  Roach  
  45  6:06  Overlord x2  
  45  6:07  Overlord x2  
  45  6:16  Drone, Overlord x2  
Show
View Real Time Build Order
Export as new Build Order

LigerMaNN Zerg 

Build Orders: Hatch First 

Get SALT Encoding   

  12  0:02  Drone  
  13  0:13  Overlord  
  13  0:16  Drone  
  14  0:33  Drone x2  
  17  0:35  Drone  
  17  0:52  Hatchery  
  17  0:55  Drone  
  17  0:58  Drone  
  18  1:09  Extractor  
  17  1:16  Spawning Pool  
  17  1:18  Drone  
  17  1:21  Drone  
  18  1:29  Drone  
  19  1:39  Overlord  
  19  2:03  Zergling x4  
  21  2:09  Zergling x2  
  21  2:10  Queen  
  23  2:24  Zergling x4  
  23  2:25  Zergling x2  
  23  3:03  Baneling Nest  
  23  3:05  Drone x5  
  23  3:06  Drone  
  28  3:13  Spine Crawler  
  27  3:42  Metabolic Boost  
  27  3:48  Baneling x3  
  27  3:52  Drone x7  
  27  3:53  Drone  
  35  4:10  Overlord  
  35  4:18  Spine Crawler, Queen  
  36  4:40  Drone x8  
  44  4:53  Evolution Chamber  
  44  4:57  Drone  
  44  4:58  Drone, Extractor  
  44  4:59  Hatchery  
  43  5:00  Drone  
  44  5:19  Overlord x3  
  44  5:20  Overlord x2  
  35  5:50  Queen x2  
  35  5:53  Spore Crawler  
  35  5:56  Spore Crawler  
  28  6:06  Spore Crawler  
  28  6:09  Spore Crawler  
  25  6:11  Drone x3  
  25  6:12  Spore Crawler  
  25  6:14  Drone  
  22  6:30  Spore Crawler  
Tags
 
Matchup
ZvZ
Race
Zerg
Replay Pack
June 2025
Spawn Locations
Cross Positions
Add a new tag
Caveats
  • Supply blocks, unpowered buildings, or Contaminate may cause inaccurate times.
  • Supply counts are checked every 10 seconds.